 Dungeon Sprint DCSS version 0.29.1-2-gbd0b4ee654 (webtiles) character file.

Game seed: 12508145689687860433

699 Groucho the Covert (level 7, 0/39 HPs)
             Began as a Spriggan Fighter on Nov 13, 2022.
             Was a Follower of Uskayaw.
             Slain by a boulder beetle (23 damage)
             ... in the Dungeon (Sprint IX: "|||||||||||||||||||||||||||||").
             The game lasted 00:02:38 (945 turns).

Groucho the Covert (Spriggan Fighter)                Turns: 945, Time: 00:02:38

Health: 0/39       AC:  2    Str: 14    XL:     7   Next: 38%
Magic:  11/11      EV: 25    Int: 10    God:    Uskayaw [*.....]
Gold:   0          SH:  7    Dex: 17    Spells: 6/6 levels left

rFire   . . .      SeeInvis +   l - +2 rapier (venom)
rCold   . . .      Faith    .   c - +0 buckler
rNeg    . . .      Spirit   .   b - +0 robe
rPois   .          Reflect  .   (helmet restricted)
rElec   .          Harm     .   (no cloak)
rCorr   .          Rampage  .   (gloves unavailable)
Will    +....      NoTele   +   (boots unavailable)
Stlth   +++++.....              (no amulet)
HPRegen 0.13/turn               a - +2 ring of evasion
MPRegen 0.12/turn               m - +3 ring of dexterity

@: mighty, very quick
A: very small, no large weapons, unfitting armour, see invisible, speed 3
a: Renounce Religion, Stomp


You were in the Dungeon.
You worshipped Uskayaw.
Uskayaw was noncommittal.
You visited 1 branch

Inventory:

Hand Weapons
 l - a +2 rapier of venom (weapon)
Armour
 b - a +0 robe (worn)
 c - a +0 buckler (worn)
Jewellery
 a - a +2 ring of evasion (left hand)
 m - a +3 ring of dexterity (right hand)
Wands
 k - a wand of acid (10)
Scrolls
 i - 2 scrolls of amnesia
 j - 2 scrolls of blinking
Potions
 f - a potion of heal wounds
 g - 4 potions of curing
 h - 4 potions of magic


   Skills:
 + Level 5.9 Fighting
 * Level 8.2 Short Blades
 * Level 10.3 Dodging
 * Level 11.1 Stealth
 + Level 5.4 Shields
 * Level 4.4 Invocations


You had 6 spell levels left.
You didn't know any spells.
Your spell library was empty.

Dungeon Overview and Level Annotations

Branches:
Dungeon (1/1)

Altars:
Cheibriados
Dithmenos
Elyvilon
Fedhas
Gozag
Hepliaklqana
Kikubaaqudgha
Makhleb
Nemelex Xobeh
Okawaru
Qazlal
Ru
Sif Muna
Trog
Uskayaw
Vehumet
Wu Jian
Xom
Yredelemnul
Zin
The Shining One
Jiyva
Lugonu


Innate Abilities, Weirdness & Mutations

You are very small and have problems with some larger weapons.
You are too small for most types of armour.
You have supernaturally acute eyesight. (SInv)
You cover ground extremely quickly. (Speed+++)


Message History

Magic restored.
You start resting.
HP restored.
You start waiting.
Done waiting.
There is an open door to the Dungeon here.
You see here a yak skeleton.
Things that are here:
a +0 halberd; a +0 robe
Things that are here:
a +0 short sword; a +1 vorpal arbalest; a +0 chain mail
Items here: )) [[ ÷÷.
You open the door.
A boulder beetle, a meliai, a shadow, an efreet, a cyclops and a manticore come into view.
The efreet is wielding a +3 scimitar of flaming.
The meliai buzzes angrily.
There is an open door here.
You hit the boulder beetle but do no damage.
The boulder beetle completely misses you.
Unknown command.
You hit the boulder beetle but do no damage.
The shadow slips into darkness.
The shadow flickers and vanishes for a moment.
You block the boulder beetle's attack.
Unknown command.
Unknown command.
You feel very mighty all of a sudden. You block the boulder beetle's attack.
You hit the boulder beetle.
The boulder beetle is poisoned.
The boulder beetle is lightly wounded.
The boulder beetle bites you!
You hit the boulder beetle but do no damage.
The boulder beetle is lightly wounded.
The boulder beetle bites you.
You puncture the boulder beetle!
The boulder beetle looks as sick as possible!
The boulder beetle is lightly wounded.
The boulder beetle bites you!!
Ouch! That really hurt!
You die... ▓▓▓▓▓▓▓▓▓▓▓▓▓▓▓▓▓▓▓▓▓▓▓▓ ..).[[[..÷)))...@ByWRCH+ ▓▓▓▓▓▓▓▓▓▓▓▓▓▓▓▓▓▓▓▓▓▓▓▓

You could see a boulder beetle (extremely poisoned), a manticore, a cyclops, an efreet, a shadow (invisible) and a meliai.

Vanquished Creatures
  A wraith (D)
  A yak (D)
  A water moccasin (D)
  An orc warrior (D)
  An ogre (D)
  A hound (D)
  An orc priest (D)
  A gnoll bouda (D)
  An orc wizard (D)
  A gnoll (D)
  A bat (D)
  A goblin (D)
  A hobgoblin (D)
  A jackal (D)
  A kobold (D)
15 creatures vanquished.

Vanquished Creatures (others)
  A wight (D)
1 creature vanquished.

Grand Total: 16 creatures vanquished

Notes
Turn   | Place    | Note
-------+----------+-------------------------------------------
     0 | D        | Groucho the Spriggan Fighter began the quest for the Orb.
     0 | D        | Reached XP level 1. HP: 11/11 MP: 2/2
     5 | D        | Reached skill level 1 in Stealth
    26 | D        | Reached skill level 2 in Stealth
   504 | D        | Noticed a hound
   504 | D        | Noticed an orc priest
   504 | D        | Noticed a water moccasin
   504 | D        | Noticed an ogre
   514 | D        | Killed a hound
   515 | D        | Reached skill level 5 in Dodging
   515 | D        | Reached skill level 4 in Stealth
   515 | D        | Reached XP level 2. HP: 16/16 MP: 3/3
   515 | D        | Reached XP level 3. HP: 20/20 MP: 4/4
   522 | D        | Reached skill level 5 in Stealth
   527 | D        | Killed a water moccasin
   528 | D        | Reached skill level 5 in Short Blades
   528 | D        | Reached skill level 7 in Stealth
   528 | D        | Reached XP level 4. HP: 13/26 MP: 5/5
   528 | D        | Reached XP level 5. HP: 15/30 MP: 6/6
   537 | D        | Killed an ogre
   538 | D        | Reached skill level 5 in Fighting
   538 | D        | Reached skill level 8 in Stealth
   618 | D        | Found a snail-covered altar of Cheibriados.
   618 | D        | Found a shadowy altar of Dithmenos.
   618 | D        | Found a white marble altar of Elyvilon.
   618 | D        | Found a blossoming altar of Fedhas.
   618 | D        | Found an opulent altar of Gozag.
   619 | D        | Found a hazy altar of Hepliaklqana.
   620 | D        | Found a viscous altar of Jiyva.
   621 | D        | Found an ancient bone altar of Kikubaaqudgha.
   622 | D        | Found a corrupted altar of Lugonu.
   623 | D        | Found a burning altar of Makhleb.
   624 | D        | Found a sparkling altar of Nemelex Xobeh.
   625 | D        | Found an iron altar of Okawaru.
   626 | D        | Found a stormy altar of Qazlal.
   627 | D        | Found a sacrificial altar of Ru.
   628 | D        | Found a shimmering blue altar of Sif Muna.
   629 | D        | Found a bloodstained altar of Trog.
   630 | D        | Found a hide-covered altar of Uskayaw.
   631 | D        | Found a radiant altar of Vehumet.
   632 | D        | Found an ornate altar of the Wu Jian Council.
   633 | D        | Found a shimmering altar of Xom.
   634 | D        | Found a basalt altar of Yredelemnul.
   635 | D        | Found a glowing silver altar of Zin.
   636 | D        | Found a glowing golden altar of the Shining One.
   638 | D        | Became a worshipper of Uskayaw the Reveller
   666 | D        | Noticed a yak
   666 | D        | Noticed an orc warrior
   666 | D        | Noticed a wraith
   672 | D        | Reached * piety under Uskayaw
   675 | D        | Killed a yak
   675 | D        | Reached ** piety under Uskayaw
   676 | D        | Reached skill level 9 in Stealth
   676 | D        | Reached skill level 5 in Shields
   676 | D        | Reached XP level 6. HP: 35/35 MP: 6/9
   679 | D        | Reached *** piety under Uskayaw
   680 | D        | Killed an orc warrior
   681 | D        | Reached skill level 10 in Stealth
   682 | D        | Reached **** piety under Uskayaw
   683 | D        | Reached XP level 7. HP: 39/39 MP: 6/10
   684 | D        | Reached ***** piety under Uskayaw
   719 | D        | Killed a wraith
   720 | D        | Reached skill level 10 in Dodging
   720 | D        | Reached skill level 11 in Stealth
   938 | D        | Noticed a boulder beetle
   938 | D        | Noticed a meliai
   938 | D        | Noticed a shadow
   938 | D        | Noticed an efreet
   938 | D        | Noticed a cyclops
   938 | D        | Noticed a manticore
   945 | D        | Slain by a boulder beetle

Illustrated notes

Levels and vault maps discovered:
D:        linesprint [early_d, line_temple, items_1, d_10, items_2, lair_1,
          lair_end, items_3, orc_1, orc_end, items_4, d_15, swamp_1, shoals_1,
          snake_1, spider_1, d_20, vaults_1, items_5, swamp_end, shoals_end,
          snake_end, spider_end, vaults_end, d_27, items_6, zot_1, zot_end,
          crypt_end, forest_end, elf_end, slime_end, tomb_end, abyss_end,
          pan_hell_end]

Skill      XL: |  1  2  3  4  5  6  7 |
---------------+----------------------+-----
Stealth        | 4 7 9 10 11 | 11.1
Fighting       | 3 4 5 |  5.9
Short Blades   | 3 5 7 8 |  8.2
Dodging        | 5 7 9 10 | 10.3
Shields        | 3 4 5 |  5.4
Invocations    | 2 3 4 |  4.4

Action                   |  1- 3 |  4- 6 |  7- 9 || total
-------------------------+-------+-------+-------++-------
Melee: Rapier            |    43 |    29 |    38 ||   110
Invok: Line Pass         |       |       |     2 ||     2
  Use: Potion            |     3 |     3 |     1 ||     7
 Stab: Invisible         |       |     1 |     1 ||     2
       Paralysed         |       |     2 |       ||     2
       Confused          |       |       |     1 ||     1
Armor: Robe              |       |       |     1 ||     1
Dodge: Dodged            |    28 |    20 |    19 ||    67
Block: Buckler           |    15 |     5 |    13 ||    33
